 Dungeon Crawl Stone Soup version 0.21.1-1-g345015f (webtiles) character file.

15 Iko the Conjurer (level 2, -5/22 HPs)
             Began as a Deep Dwarf Conjurer on May 6, 2018.
             Was an Initiate of the Shining One.
             Killed by divine providence
             ... invoked by an orc priest
              (13 damage)
             ... on level 3 of the Dungeon.
             The game lasted 00:03:36 (398 turns).

Iko the Conjurer (Deep Dwarf Conjurer)               Turns: 398, Time: 00:03:39

Health: -5/22      AC:  2    Str: 11    XL:     2   Next: 34%
Magic:  0/4        EV:  9    Int: 15    God:    the Shining One [......]
Gold:   16         SH:  6    Dex: 13    Spells: 3/4 levels left

rFire    . . .     SeeInvis .   d - +0 club
rCold    . . .     Gourm    .   f - +0 shield
rNeg     . . .     Faith    .   a - +0 robe
rPois    .         Spirit   .   (no helmet)
rElec    .         Reflect  .   (no cloak)
rCorr    .         Harm     .   (no gloves)
MR       .....                  (no boots)
Stlth    +.........             (no amulet)
HPRegen  0.00/turn              (no ring)
MPRegen  0.09/turn              (no ring)

@: very slightly contaminated, non-regenerating, glowing
A: damage resistance, heal wounds, sense surroundings 1, no regeneration
a: Heal Wounds, Renounce Religion


You were on level 3 of the Dungeon.
You worshipped the Shining One.
The Shining One was noncommittal.
You were not hungry.

You visited 1 branch of the dungeon, and saw 3 of its levels.

You collected 16 gold pieces.

Inventory:

Hand Weapons
 d - a +0 club (weapon)
Armour
 a - a +0 robe (worn)
 f - a +0 shield (worn)
Scrolls
 e - 4 scrolls of identify
Books
 b - a book of Conjurations

   Spells                             Type                      Level
   a - Magic Dart                     Conjuration                  1
   b - Searing Ray                    Conjuration                  2
   c - Dazzling Spray                 Conjuration/Hexes            3
   d - Fulminant Prism                Conjuration/Hexes            4
   e - Force Lance                    Conjuration/Translocation    4
   f - Iskenderun's Mystic Blast      Conjuration                  4
Comestibles
 c - 2 rations


   Skills:
 + Level 2.3 Dodging
 + Level 2.4 Stealth
 + Level 1.9 Spellcasting
 + Level 4.1 Conjurations


You had 3 spell levels left.
You knew the following spells:

 Your Spells              Type           Power        Failure   Level  Hunger
a - Magic Dart            Conj           ##..         28%         1    ##.....


Dungeon Overview and Level Annotations

Branches:
Dungeon (3/15)

Altars:
The Shining One


Innate Abilities, Weirdness & Mutations

You are resistant to damage.
You can heal yourself by infusing magical energy.
You passively map a small area around you.
You do not regenerate.


Message History

The orc priest drinks a potion.
The orc priest seems to speed up.
Casting: Magic Dart
Confirm with . or Enter, or press ? or * to list all spells.
Aiming: Magic Dart
Press: ? - help, Shift-Dir - straight line, f/p - orc
Aim: an orc, wielding a hand axe (severely wounded)
You miscast Magic Dart.
Wisps of smoke drift from your hands.
An orc comes into view. It is wielding a hand axe.
You closely miss the orc.
The orc is severely wounded.
The orc hits you with a hand axe.
An orc priest comes into view. It is wielding a dagger.
You barely miss the orc.
The orc is severely wounded.
The orc priest calls upon Beogh to heal the orc.
The orc's wounds heal themselves!
You block the orc's attack.
The orc priest calls down the wrath of Beogh upon you.
Beogh smites you!
Ouch! That really hurt!
You die...

#.###..#'..#..## ,
#.#...##..#.#..##,,
*
#...###..#._.#..#*
###...##..#.#..##
###..##..#..## , ,
##..##...##...
#...#..##.## ,...
#...##..### ..
#...*#@..# , . >
......oo..# ,
........o.....<
#................ ,
#............#... ,
.....o......... *
*##....o......>. *
#.......>.... , , ,
* , *


You could see 2 orc priests and 3 orcs.

Vanquished Creatures
  A ball python (D:3)
  A giant cockroach (D:2)
  A goblin (D:2)
  2 hobgoblins
  3 jackals (D:2)
  A bat (D:1)
  2 frilled lizards (D:1)
  3 rats
14 creatures vanquished.

Notes
Turn   | Place    | Note
-------+----------+-------------------------------------------
     0 | D:1      | Iko the Deep Dwarf Conjurer began the quest for the Orb.
     0 | D:1      | Reached XP level 1. HP: 15/15 MP: 3/3
   212 | D:2      | Reached skill level 4 in Conjurations
   212 | D:2      | Reached XP level 2. HP: 8/22 MP: 4/4
   352 | D:3      | Found a glowing golden altar of the Shining One.
   360 | D:3      | Became a worshipper of the Shining One
   398 | D:3      | Killed from afar by an orc priest

Skill      XL: |  1 |
---------------+----+-----
Conjurations   | 4 |  4.1
Dodging        | |  2.3
Stealth        | |  2.4
Spellcasting   | |  1.9

Action                   || total
-------------------------++-------
Melee: Club              ||    34
       Unarmed           ||    15
 Cast: Magic Dart        ||    10
 Abil: Heal Wounds       ||     1
  Use: Scroll            ||     2
Armor: Robe              ||    15
Dodge: Dodged            ||    46
Block: Shield            ||     2
